 Dungeon Crawl Stone Soup version 0.19.5 (webtiles) character file.

168 QuCean the Cudgeler (level 5, -6/53 HPs)
             Began as a Troll Monk on May 5, 2017.
             Killed by divine providence
             ... invoked by an orc priest
              (12 damage)
             ... on level 6 of the Dungeon.
             The game lasted 00:10:34 (1171 turns).

QuCean the Cudgeler (Troll Monk)                    Turns: 1171, Time: 00:10:35

Health: -6/53      AC:  5    Str: 20    XL:     5   Next: 23%
Magic:  4/4        EV: 11    Int:  6    God:
Gold:   85         SH:  0    Dex: 12    Spells: 0 memorised, 4 levels left

rFire  . . .     SeeInvis .     a - +0 mace
rCold  . . .     Gourm    +     b - +0 robe
rNeg   . . .     Faith    .     (no shield)
rPois  .         Spirit   .     (helmet restricted)
rElec  .         Reflect  .     (no cloak)
rCorr  .         Harm     .     (gloves unavailable)
MR     .....                    (boots unavailable)
Stlth  ++........               (no amulet)
                                (no ring)
                                (no ring)

@: no status effects
A: unfitting armour, claws 3, fast metabolism 3, gourmand, regeneration 1,
shaggy fur 1, tough skin 2
a: no special abilities


You were on level 6 of the Dungeon.
You were not hungry.

You visited 1 branch of the dungeon, and saw 6 of its levels.

You collected 85 gold pieces.

Inventory:

Hand Weapons
 a - a +0 mace (weapon)
Armour
 b - a +0 robe (worn)
Scrolls
 d - a scroll of fog {unknown}
 e - 2 scrolls of remove curse {unknown}
 g - 2 scrolls of identify {unknown}
 i - a scroll of recharging {unknown}
 j - a scroll of enchant armour {unknown}
Potions
 h - a potion of cancellation {unknown}
 k - a potion of heal wounds {unknown}
Books
 f - a book of Cantrips

   Spells                             Type                      Level
   a - Confusing Touch                Hexes                        1
   b - Animate Skeleton               Necromancy                   1
   c - Summon Small Mammal            Summoning                    1
   d - Apportation                    Translocation                1
Comestibles
 c - 2 bread rations


   Skills:
 + Level 3.1 Fighting
 + Level 3.9 Maces & Flails
 + Level 3.4 Dodging
 + Level 1.2 Stealth


You had 4 spell levels left.
You didn't know any spells.

Dungeon Overview and Level Annotations

Branches:
Dungeon (6/15)
 Temple: D:4-7

Altars:


Innate Abilities, Weirdness & Mutations

You are too large for most types of armour.
You have claws for hands.
Your metabolism is lightning-fast.
You like to eat raw meat.
Your natural rate of healing is unusually fast.
You are covered in fur. (AC +1)
You have very tough skin. (AC +2)


Message History

The orc wizard blinks!
The hound barks! 2 orcs come into view.
The ogre shouts!
The orc priest hits you but does no damage.
You barely miss the orc priest.
The orc priest mumbles some strange prayers to Beogh against you.
Pain shoots through your body!
* * * LOW HITPOINT WARNING * * *
The orc shouts!
You sock the orc priest!
The orc priest is heavily wounded.
The orc priest hits you.
* * * LOW HITPOINT WARNING * * *
A sky beast comes into view.
You hit the orc priest.
The orc priest is almost dead.
The orc priest calls down the wrath of Beogh upon you.
Beogh smites you!
You die...

#...! #.#.# #######
#.#.# #.....#
#.#.###.....####
#######.!.....†......#
#........####.<...##.#
#.#####.## #.....# #.#
###.#...$# #@#
#.#.#### #o# ....# #h#
.#...


.Oo ..# .oo #.# #..Y# ##.## #.# You could see a sky beast, an ogre, a hound, an
orc priest, an orc wizard and 2 orcs.

Vanquished Creatures
  A crimson imp (D:6)
  A hound (D:5)
  An iguana (D:6)
  A worker ant (D:5)
  A hound zombie (D:5)
  An ooze (D:2)
  2 worms (D:2)
  A dart slug (D:1)
  2 bats (D:2)
  A giant cockroach (D:2)
  2 goblins
  4 hobgoblins
  3 jackals (D:2)
  3 kobolds
  A quokka (D:2)
  2 frilled lizards (D:2)
  3 rats
  2 fungi (D:1)
32 creatures vanquished.

Notes
Turn   | Place    | Note
-------+----------+-------------------------------------------
     0 | D:1      | QuCean the Troll Monk began the quest for the Orb.
     0 | D:1      | Reached XP level 1. HP: 22/22 MP: 0/0
   367 | D:2      | Reached XP level 2. HP: 29/29 MP: 1/1
   688 | D:2      | Reached XP level 3. HP: 36/36 MP: 2/2
   744 | D:2      | Paralysed by fainting for 10 turns
   756 | D:2      | Paralysed by fainting for 5 turns
   994 | D:5      | Entered Level 5 of the Dungeon
  1050 | D:5      | Paralysed by fainting for 6 turns
  1062 | D:5      | Reached XP level 4. HP: 38/44 MP: 3/3
  1150 | D:6      | Reached XP level 5. HP: 27/53 MP: 4/4
  1165 | D:6      | Noticed an ogre
  1171 | D:6      | Noticed a sky beast
  1171 | D:6      | Killed from afar by an orc priest

Skill      XL: |  1  2  3  4 |
---------------+-------------+-----
Maces & Flails | 3 |  3.9
Dodging        | 3 |  3.4
Fighting       | 3 |  3.1
Stealth        | |  1.2

Action                   |  1- 3 |  4- 6 || total
-------------------------+-------+-------++-------
Melee: Mace              |   145 |    26 ||   171
 Stab: Sleeping          |     1 |       ||     1
  Eat: Beef jerky        |     3 |       ||     3
       Bread ration      |       |     1 ||     1
Armor: Robe              |    75 |    15 ||    90
Dodge: Dodged            |    87 |     9 ||    96
